AAA W
RENO ACES @ SACRAMENTO RIVER CATS
07/27/2030
 
TOP OF THE 1ST
Reno Aces batting - Pitching for Sacramento River Cats : RHP Ismael Mota
Pitching: RHP Ismael Mota
Batting: LHB Ismael Mena 0-0: Ball
1-0: Called Strike
1-1: Ball
2-1: SINGLE (Groundball, 4MD, EV 97.5 MPH)
Batting: LHB Kyle Isbel 0-0: Ball
Ismael Mena is caught stealing 2nd base 2-6
1-0: Swinging Strike
1-1: Fly out, F9 (Flyball, 9D, EV 99.4 MPH)
Batting: RHB Dwight Boone 0-0: Ball
1-0: Ground out 4-3 (Groundball, 4S, EV 80.6 MPH)
Top of the 1st over - 0 runs, 1 hit, 0 errors, 0 left on base; Reno 0 - Sacramento 0
BOTTOM OF THE 1ST
Sacramento River Cats batting - Pitching for Reno Aces : RHP Josh Neuman
Pitching: RHP Josh Neuman
Batting: RHB Jake Newsome 0-0: Ball
1-0: Ball
2-0: Ball
3-0: Base on Balls
Batting: RHB Chris Gardner 0-0: Ball
1-0: Called Strike
Jake Newsome is caught stealing 2nd base 2-4
1-1: Ball
2-1: Fly out, F7 (Line Drive, 78M, EV 97.5 MPH)
Batting: SHB Chris Maguire 0-0: Ball
1-0: Called Strike
1-1: Ball
2-1: Ball
3-1: SINGLE (Groundball, 4MD, EV 104.4 MPH) (infield hit)
Batting: RHB Jerrod Elliott 0-0: Called Strike
0-1: Fielders Choice at 2nd, 6-4 (Groundball, 6, EV 81.3 MPH)
Bottom of the 1st over - 0 runs, 1 hit, 0 errors, 1 left on base; Reno 0 - Sacramento 0
TOP OF THE 2ND
Reno Aces batting - Pitching for Sacramento River Cats : RHP Ismael Mota
Batting: LHB Dahiandy Johnson 0-0: Ball
1-0: DOUBLE (Line Drive, 8RXD, EV 103.8 MPH)
Pinch Runner at 2nd Chris Rigsby:
Batting: RHB Brad Vogel 0-0: Ball
1-0: Called Strike
1-1: Foul Ball, location: 2RF
1-2: Foul Ball, location: 3DF
1-2: Strikes out looking
Batting: RHB Ivan Herrera 0-0: Ball
1-0: Ball
2-0: Ball
3-0: Called Strike
3-1: Foul Ball, location: 3SF
3-2: Fly out, F8 (Flyball, 8LD, EV 96.3 MPH)
Batting: RHB Chris Fannan 0-0: Ball
1-0: Called Strike
1-1: SINGLE (Flyball, 4D, EV 91.9 MPH)
Chris Rigsby to third
Runner from 3rd tries for Home, SAFE, throw by CF to home
Chris Fannan to second
Batting: RHB Ezequiel Tovar 0-0: Foul Ball, location: 9LMF
0-1: Ball
1-1: Ball
2-1: Swinging Strike
2-2: Strikes out looking
Top of the 2nd over - 1 run, 2 hits, 0 errors, 1 left on base; Reno 1 - Sacramento 0
BOTTOM OF THE 2ND
Sacramento River Cats batting - Pitching for Reno Aces : RHP Josh Neuman
Now at 1B: Chris Rigsby
Batting: LHB Jamel Miller 0-0: Foul Ball, location: 23F
0-1: Foul Ball, location: 7LMFF
0-2: Foul Ball, location: 9LDF
0-2: Ball
1-2: Fly out, F8 (Flyball, 8LM, EV 90.0 MPH)
Batting: RHB Alex Baca 0-0: Ball
1-0: Foul Ball, location: 9LMF
1-1: SINGLE (Line Drive, 9S, EV 91.3 MPH)
Batting: LHB Sean Cody 0-0: Ball
1-0: Ball
Alex Baca steals 2nd base
2-0: Foul Ball, location: 3F
2-1: Called Strike
2-2: Fly out, F9 (Line Drive, 9LM, EV 86.3 MPH)
Batting: LHB Jeff Bogard 0-0: Ball
1-0: Called Strike
1-1: Ball
2-1: Ball
3-1: Called Strike
3-2: Foul Ball, location: 5F
3-2: Foul Ball, location: 3DF
3-2: Ground out U3 (Groundball, 3S, EV 75.6 MPH)
Bottom of the 2nd over - 0 runs, 1 hit, 0 errors, 1 left on base; Reno 1 - Sacramento 0
TOP OF THE 3RD
Reno Aces batting - Pitching for Sacramento River Cats : RHP Ismael Mota
Batting: LHB Hiroto Kobukata 0-0: Ball
1-0: Called Strike
1-1: Called Strike
1-2: Ground out 5-3 (Groundball, 56D, EV 94.4 MPH)
Batting: LHB Ismael Mena 0-0: Foul Ball, location: 7LMF
0-1: Ball
1-1: Swinging Strike
1-2: SINGLE (Groundball, 13, EV 72.5 MPH) (infield hit)
Batting: LHB Kyle Isbel 0-0: Foul Ball, location: 7LMF
0-1: Ball
Ismael Mena steals 2nd base
1-1: Ball
2-1: SINGLE (Flyball, 8RS, EV 100.0 MPH)
Ismael Mena to third
Runner from 3rd tries for Home, SAFE, throw by CF to home
Batting: RHB Dwight Boone 0-0: Ball
Kyle Isbel is caught stealing 2nd base 2-4
1-0: Called Strike
1-1: Called Strike
1-2: Strikes out looking
Top of the 3rd over - 1 run, 2 hits, 0 errors, 0 left on base; Reno 2 - Sacramento 0
BOTTOM OF THE 3RD
Sacramento River Cats batting - Pitching for Reno Aces : RHP Josh Neuman
Batting: LHB Mike Kramer 0-0: Ball
1-0: Called Strike
1-1: Foul Ball, location: 2F
1-2: Strikes out swinging
Batting: RHB Jake Newsome 0-0: Ball
1-0: SINGLE (Line Drive, 7S, EV 97.5 MPH)
Batting: RHB Chris Gardner 0-0: Ball
1-0: Ball
2-0: Ball
3-0: Called Strike
3-1: Grounds into double play, 4-6-3 (Groundball, 4, EV 91.3 MPH)
Bottom of the 3rd over - 0 runs, 1 hit, 0 errors, 0 left on base; Reno 2 - Sacramento 0
TOP OF THE 4TH
Reno Aces batting - Pitching for Sacramento River Cats : RHP Ismael Mota
Batting: LHB Chris Rigsby 0-0: Fly out, F2 (Popup, 25F, EV 87.5 MPH)
Batting: RHB Brad Vogel 0-0: Ball
1-0: Foul Ball, location: 2F
1-1: Ball
2-1: Fly out, F8 (Flyball, 8RD, EV 94.4 MPH)
Batting: RHB Ivan Herrera 0-0: Ball
1-0: Ball
2-0: Ball
3-0: Base on Balls
Batting: RHB Chris Fannan 0-0: Called Strike
0-1: Fly out, F9 (Flyball, 9S, EV 85.0 MPH)
Top of the 4th over - 0 runs, 0 hits, 0 errors, 1 left on base; Reno 2 - Sacramento 0
BOTTOM OF THE 4TH
Sacramento River Cats batting - Pitching for Reno Aces : RHP Josh Neuman
Batting: SHB Chris Maguire 0-0: Ball
1-0: Called Strike
1-1: Ball
2-1: Fly out, F5 (Popup, 5S, EV 81.9 MPH)
Batting: RHB Jerrod Elliott 0-0: Ball
1-0: Ball
2-0: SINGLE (Line Drive, 8RS, EV 94.4 MPH)
Batting: LHB Jamel Miller 0-0: Called Strike
0-1: Foul Ball, location: 2F
0-2: Ball
1-2: Strikes out swinging
Batting: RHB Alex Baca 0-0: Swinging Strike
0-1: Foul Ball, location: 23F
0-2: Ball
1-2: DOUBLE (Groundball, 5L, EV 105.6 MPH)
Jerrod Elliott to third
Batting: LHB Sean Cody 0-0: Ball
1-0: Fly out, F9 (Line Drive, 9S, EV 106.9 MPH)
Bottom of the 4th over - 0 runs, 2 hits, 0 errors, 2 left on base; Reno 2 - Sacramento 0
TOP OF THE 5TH
Reno Aces batting - Pitching for Sacramento River Cats : RHP Ismael Mota
Batting: RHB Ezequiel Tovar 0-0: Ball
1-0: Ball
2-0: Ground out 6-3 (Groundball, 6, EV 78.8 MPH)
Batting: LHB Hiroto Kobukata 0-0: Called Strike
0-1: Ball
1-1: Ball
2-1: Foul Ball, location: 2F
2-2: Ball
3-2: Foul Ball, location: 7LSF
3-2: Foul Ball, location: 25FF
3-2: SINGLE (Groundball, 56S, EV 65.0 MPH) (infield hit)
Batting: LHB Ismael Mena 0-0: Fly out, F6 (Popup, 56D, EV 41.9 MPH)
Batting: LHB Kyle Isbel 0-0: Ball
1-0: Swinging Strike
1-1: Foul Ball, location: 5SF
1-2: Foul Ball, location: 9LMF
1-2: Ball
2-2: Ball
3-2: Foul Ball, location: 2F
3-2: Base on Balls
Hiroto Kobukata to second
Batting: RHB Dwight Boone 0-0: Called Strike
0-1: Foul Ball, location: 2F
0-2: Strikes out swinging
Top of the 5th over - 0 runs, 1 hit, 0 errors, 2 left on base; Reno 2 - Sacramento 0
BOTTOM OF THE 5TH
Sacramento River Cats batting - Pitching for Reno Aces : RHP Josh Neuman
Batting: LHB Jeff Bogard 0-0: Ball
1-0: Foul Ball, location: 2F
1-1: Called Strike
1-2: Ball
2-2: Foul Ball, location: 2F
2-2: Ball
3-2: Base on Balls
Batting: LHB Mike Kramer 0-0: Called Strike
0-1: Swinging Strike
0-2: Ball
1-2: Ball
2-2: Foul Ball, location: 2F
2-2: Fielders Choice at 2nd, 3-6 (Groundball, 3, EV 83.1 MPH)
Batting: RHB Jake Newsome 0-0: Called Strike
0-1: Grounds into double play, 3-6-1 (Groundball, 34, EV 83.1 MPH)
Bottom of the 5th over - 0 runs, 0 hits, 0 errors, 0 left on base; Reno 2 - Sacramento 0
TOP OF THE 6TH
Reno Aces batting - Pitching for Sacramento River Cats : RHP Ismael Mota
Batting: LHB Chris Rigsby 0-0: Called Strike
0-1: Ball
1-1: Ball
2-1: Ball
3-1: Fly out, F6 (Line Drive, 6, EV 75.0 MPH)
Batting: RHB Brad Vogel 0-0: Fly out, F8 (Flyball, 8LD, EV 95.0 MPH)
Batting: RHB Ivan Herrera 0-0: Ball
1-0: Called Strike
1-1: Swinging Strike
1-2: Ball
2-2: Ball
3-2: Ground out 5-3 (Groundball, 56S, EV 91.9 MPH)
Top of the 6th over - 0 runs, 0 hits, 0 errors, 0 left on base; Reno 2 - Sacramento 0
BOTTOM OF THE 6TH
Sacramento River Cats batting - Pitching for Reno Aces : RHP Josh Neuman
Batting: RHB Chris Gardner 0-0: Called Strike
0-1: Ball
1-1: SINGLE (Line Drive, 6D, EV 100.0 MPH)
Batting: SHB Chris Maguire 0-0: Fly out, F7 (Flyball, 7LS, EV 90.0 MPH)
Batting: RHB Jerrod Elliott 0-0: Ball
Chris Gardner steals 2nd base
1-0: Fly out, F4 (Popup, 34, EV 74.4 MPH)
Batting: LHB Jamel Miller 0-0: Called Strike
0-1: Foul Ball, location: 7LMF
0-2: Strikes out swinging
Bottom of the 6th over - 0 runs, 1 hit, 0 errors, 1 left on base; Reno 2 - Sacramento 0
TOP OF THE 7TH
Reno Aces batting - Pitching for Sacramento River Cats : RHP Ismael Mota
Batting: RHB Chris Fannan 0-0: Reached on error, E5 (Groundball, 56, EV 100.6 MPH)
Batting: RHB Ezequiel Tovar 0-0: Ball
1-0: Called Strike
1-1: Ball
Chris Fannan steals 2nd base
2-1: Swinging Strike
2-2: Ball
3-2: Foul Ball, location: 2F
3-2: Foul Ball, location: 3SF
3-2: Base on Balls
Pitching: RHP Joe Green
Batting: LHB Hiroto Kobukata 0-0: Foul Ball, location: 9LMF
0-1: Swinging Strike
0-2: Ball
1-2: Ball
2-2: Strikes out looking
Batting: LHB Ismael Mena 0-0: Called Strike
0-1: Foul Ball, location: 23FF
0-2: Grounds into double play, 6-4-3 (Groundball, 6, EV 106.3 MPH)
Top of the 7th over - 0 runs, 0 hits, 1 error, 1 left on base; Reno 2 - Sacramento 0
BOTTOM OF THE 7TH
Sacramento River Cats batting - Pitching for Reno Aces : RHP Josh Neuman
Batting: RHB Alex Baca 0-0: Ball
1-0: Ball
2-0: Called Strike
2-1: Swinging Strike
2-2: Ball
3-2: Base on Balls
Batting: LHB Sean Cody 0-0: Called Strike
0-1: Fielders Choice at 2nd, 6-4 (Groundball, 6MS, EV 87.5 MPH)
Batting: LHB Jeff Bogard 0-0: Ball
1-0: Ball
2-0: Called Strike
2-1: Swinging Strike
2-2: Ball
3-2: Base on Balls
Sean Cody to second
Batting: LHB Mike Kramer 0-0: Ball
1-0: Foul Ball, location: 2F
1-1: Swinging Strike
1-2: Ball
2-2: Foul Ball, location: 2F
2-2: Ball
Wild Pitch!
Sean Cody to third
Jeff Bogard to second
3-2: Base on Balls
Pitching: RHP Chris Ayers
Pinch Hitting: LHB Hermengildo Faio 0-0: SINGLE (Line Drive, 4D, EV 95.6 MPH)
Sean Cody scores
Jeff Bogard to third
Mike Kramer to second
Pinch Hitting: SHB Tommy Birch 0-0: Called Strike
0-1: Called Strike
0-2: Ball
1-2: Fly out, F9 (Flyball, 9S, EV 92.5 MPH)
Batting: SHB Chris Maguire 0-0: Swinging Strike
0-1: Called Strike
0-2: Foul Ball, location: 5F
0-2: Fly out, F8 (Line Drive, 8RD, EV 101.9 MPH)
Bottom of the 7th over - 1 run, 1 hit, 0 errors, 3 left on base; Reno 2 - Sacramento 1
TOP OF THE 8TH
Reno Aces batting - Pitching for Sacramento River Cats : RHP Joe Green
Now at 2B: Steve Martin
Now in LF: Tommy Birch
Now in CF: Alex Baca
Batting: LHB Kyle Isbel 0-0: Ball
1-0: Swinging Strike
1-1: Ball
2-1: Foul Ball, location: 2F
2-2: Ball
3-2: SINGLE (Groundball, 6MD, EV 77.5 MPH) (infield hit)
Batting: RHB Dwight Boone 0-0: Ball
1-0: Ball
2-0: DOUBLE (Flyball, 8RXD, EV 103.1 MPH)
Kyle Isbel to third
Batting: LHB Chris Rigsby 0-0: Intentional Walk
Batting: RHB Brad Vogel 0-0: Ball
1-0: Called Strike
1-1: Called Strike
1-2: Ball
2-2: Strikes out looking
Batting: RHB Ivan Herrera 0-0: Called Strike
0-1: Foul Ball, location: 25F
0-2: Fly out, F9 (Flyball, 9LS, EV 94.4 MPH)
Batting: RHB Chris Fannan 0-0: Called Strike
0-1: Ground out 2-3 (Groundball, 15S, EV 72.5 MPH)
Top of the 8th over - 0 runs, 2 hits, 0 errors, 3 left on base; Reno 2 - Sacramento 1
BOTTOM OF THE 8TH
Sacramento River Cats batting - Pitching for Reno Aces : RHP Chris Ayers
Batting: RHB Jerrod Elliott 0-0: Called Strike
0-1: SINGLE (Groundball, P, EV 86.3 MPH) (infield hit)
Pitching: LHP Joe Johnson
Pinch Hitting: LHB Chris McMahon 0-0: Ball
1-0: Ball
2-0: Called Strike
2-1: Foul Ball, location: 2F
2-2: Strikes out swinging
Batting: RHB Alex Baca 0-0: Swinging Strike
0-1: Called Strike
0-2: Grounds into double play, 4-6-3 (Groundball, 4, EV 98.8 MPH)
Bottom of the 8th over - 0 runs, 1 hit, 0 errors, 0 left on base; Reno 2 - Sacramento 1
TOP OF THE 9TH
Reno Aces batting - Pitching for Sacramento River Cats : RHP Joe Green
Pitching: RHP Doug Storms
Now in RF: Chris McMahon
Batting: RHB Ezequiel Tovar 0-0: Ball
1-0: Foul Ball, location: 5FF
1-1: Swinging Strike
1-2: Strikes out swinging
Batting: LHB Hiroto Kobukata 0-0: Ball
1-0: Foul Ball, location: 5F
1-1: Foul Ball, location: 25FF
1-2: Strikes out swinging
Batting: LHB Ismael Mena 0-0: Ball
1-0: Ball
2-0: Ball
3-0: Base on Balls
Batting: LHB Kyle Isbel 0-0: Ball
Ismael Mena steals 2nd base
1-0: Ball
2-0: Called Strike
2-1: Swinging Strike
2-2: Strikes out swinging
Top of the 9th over - 0 runs, 0 hits, 0 errors, 1 left on base; Reno 2 - Sacramento 1
BOTTOM OF THE 9TH
Sacramento River Cats batting - Pitching for Reno Aces : LHP Joe Johnson
Pitching: RHP Ben Schott
Now in LF: Steve Carr
Batting: LHB Sean Cody 0-0: Foul Ball, location: 7LMF
0-1: Ball
1-1: Ball
2-1: Swinging Strike
2-2: Strikes out looking
Batting: LHB Jeff Bogard 0-0: Ball
1-0: Ground out 6-3 (Groundball, 6S, EV 84.4 MPH)
Batting: LHB Mike Kramer 0-0: Ball
1-0: Ball
2-0: Foul Ball, location: 2F
2-1: Swinging Strike
2-2: Foul Ball, location: 3F
2-2: Ball
3-2: Strikes out looking
Bottom of the 9th over - 0 runs, 0 hits, 0 errors, 0 left on base; Reno 2 - Sacramento 1
Wednesday, April 3rd , 2024 - OOTP Baseball 24.7 Build 72